Map: Habitation Station LE (Void)

Players

Fropez

  • Race: Protoss Protoss
  • League: Gold
  • Spawn Location: 1:00

Edog - Winner!

  • Race: Protoss Protoss
  • League: Gold
  • Spawn Location: 11:00

VOD

Have the link to the VOD?

Description

Time

  • Played on: Nov. 28, 2016, 6:56 p.m.
  • Length: 7:56
Show
View Real Time Build Order
Export as new Build Order

Fropez Protoss 

Build Orders: 1 Gate Expand 

Get SALT Encoding   

  12  0:01  Probe (Chrono Boost)  
  13  0:11  Probe (Chrono Boost)  
  14  0:21  Pylon  
  14  0:22  Probe (Chrono Boost)  
  15  0:29  Assimilator  
  15  0:40  Probe (Chrono Boost)  
  16  0:45  Gateway  
  16  0:50  Probe (Chrono Boost)  
  17  1:01  Probe (Chrono Boost)  
  17  1:04  Assimilator  
  18  1:11  Probe (Chrono Boost)  
  19  1:22  Probe (Chrono Boost)  
  21  1:32  Probe (Chrono Boost)  
  21  1:37  Nexus  
  21  1:43  Probe (Chrono Boost)  
  22  1:52  Cybernetics Core  
  22  2:02  Probe (Chrono Boost)  
  22  2:04  Pylon  
  23  2:22  Probe (Chrono Boost)  
  24  2:29  Warp Gate (Chrono Boost)  
  24  2:33  Mothership Core (Chrono Boost)  
  26  2:37  Gateway  
  26  2:41  Stalker  
  28  2:48  Pylon  
  29  2:51  Probe (Chrono Boost)  
  29  2:52  Probe (Chrono Boost)  
  30  3:00  Pylon  
  30  3:01  Probe (Chrono Boost)  
  30  3:05  Probe (Chrono Boost)  
  32  3:12  Probe (Chrono Boost)  
  33  3:13  Stalker  
  33  3:14  Probe  
  36  3:24  Forge, Probe  
  37  3:31  Probe  
  38  3:41  Assimilator  
  38  3:46  Gateway  
  38  3:48  Gateway  
  38  3:51  Pylon  
  38  3:53  Stalker  
  40  3:58  Probe  
  40  4:01  Pylon  
  41  4:04  Pylon  
  41  4:10  Pylon  
  28  4:44  Stalker x2  
  28  4:45  Stalker  
  28  4:53  Probe  
  28  4:54  Probe  
  30  5:00  Protoss Ground Weapons Level 1 (Chrono Boost)  
  30  5:06  Probe  
  30  5:07  Twilight Council  
  31  5:09  Probe  
  29  5:28  Stalker x2  
  30  5:34  Probe  
  30  5:35  Probe  
  34  5:43  Assimilator  
  34  5:45  Probe  
  34  5:47  Probe  
  36  6:09  Stalker x3  
  42  6:15  Probe  
  42  6:16  Probe  
  44  6:25  Probe  
  44  6:30  Nexus  
  45  6:44  Pylon  
  45  6:45  Sentry x3  
  49  6:54  Pylon, Stalker  
  51  6:55  Pylon  
  51  7:06  Mothership Core  
  38  7:21  Stalker  
Show
View Real Time Build Order
Export as new Build Order

Edog Protoss - Winner!

Build Orders: Oracle Opening 

Get SALT Encoding   

  12  0:01  Probe (Chrono Boost)  
  13  0:11  Probe (Chrono Boost)  
  14  0:18  Pylon  
  14  0:23  Probe (Chrono Boost)  
  15  0:36  Probe (Chrono Boost), Gateway  
  16  0:44  Assimilator  
  16  0:47  Probe (Chrono Boost)  
  17  0:58  Pylon, Probe (Chrono Boost)  
  18  1:09  Probe (Chrono Boost)  
  19  1:20  Probe (Chrono Boost)  
  20  1:30  Cybernetics Core  
  20  1:34  Assimilator  
  20  1:50  Probe (Chrono Boost)  
  21  2:00  Probe (Chrono Boost)  
  22  2:07  Warp Gate (Chrono Boost)  
  22  2:11  Nexus  
  22  2:12  Mothership Core  
  24  2:27  Stalker  
  26  2:33  Probe  
  27  2:40  Stargate  
  27  2:45  Probe  
  28  2:52  Gateway  
  28  3:02  Pylon  
  28  3:09  Gateway  
  28  3:10  Probe  
  29  3:16  Pylon  
  29  3:22  Probe  
  30  3:29  Oracle (Chrono Boost)  
  33  3:37  Probe  
  34  3:47  Probe  
  35  4:00  Probe  
  35  4:02  Probe  
  37  4:10  Stalker x2  
  41  4:21  Oracle (Chrono Boost)  
  44  4:53  Stalker x2  
  44  4:56  Probe  
  49  5:00  Probe  
  49  5:01  Twilight Council  
  49  5:05  Robotics Facility  
  49  5:06  Assimilator  
  50  5:10  Assimilator  
  50  5:15  Pylon  
  50  5:18  Pylon  
  50  5:19  Pylon  
  50  5:32  Stalker x2  
  50  5:33  Stalker  
  54  5:42  Probe  
  54  5:52  Immortal (Chrono Boost)  
  54  5:55  Stalker  
  54  5:56  Stalker  
  62  6:15  Stalker  
  61  6:23  Stalker  
  61  6:24  Stalker  
  65  6:30  Probe  
  65  6:31  Immortal  
  65  6:32  Probe  
  71  6:41  Probe  
  71  6:44  Probe  
  73  6:52  Probe  
  74  6:56  Probe  
  74  6:58  Pylon  
  75  7:02  Probe  
  74  7:08  Probe  
  63  7:24  Stalker  
  63  7:25  Stalker x2  
  71  7:32  Gateway  
  71  7:34  Gateway  
Tags
 
Add a new tag
Caveats
  • Supply blocks, unpowered buildings, or Contaminate may cause inaccurate times.
  • Supply counts are checked every 10 seconds.